AoeStats
← Majsner_Of_Puppets

Arabia

510638270Analyzed
1v1 RM · 24h ago on Oct 1, 2026· 48m 25s· 2 players
Game mode
Random Map
Map size
Tiny (2 player)
Population
200
Speed
Normal
Resources
Standard
Victory
Conquest
Starting age
Dark Age
Ending age
Imperial Age
RankedLock teamsTeams togetherTeam positionsShared explorationLock speedFull tech treeHidden civsTurbo modeCheats
Victory
Defeat
🇨🇿 Saracens · Czechia
1255
+17
🇭🇷 Varangians · Croatia
1278
-17
Majsner_Of_Puppets
5:42 Loom
9:17 Feudal Age
11:03 Double-Bit Axe
15:55 Fletching
21:41 Castle Age
20:36 Scale Barding Armor
20:41 Forging
21:03 Bloodlines
21:05 Gold Mining
20:56 Horse Collar
21:55 Crossbowman
22:43 Bodkin Arrow
26:02 Husbandry
26:34 Chain Barding Armor
31:34 Padded Archer Armor
32:47 Iron Casting
32:55 Heavy Plow
33:16 Bow Saw
33:35 Ballistics
34:52 Wheelbarrow
34:04 Town Watch
38:07 Imperial Age
36:09 Masonry
38:41 Town Patrol
38:57 Hand Cart
38:58 Bracer
40:01 Chemistry
40:34 Siege Engineers
39:59 Arbalester
40:45 Thumb Ring
42:58 Light Cavalry
44:18 Hussar
45:41 Plate Barding Armor
46:06 Blast Furnace
46:57 Leather Archer Armor
Solmyr
5:56 Loom
9:03 Feudal Age
9:50 Double-Bit Axe
10:36 Horse Collar
15:47 Wheelbarrow
19:42 Castle Age
19:06 Scale Barding Armor
19:11 Forging
21:05 Bow Saw
21:12 Hand Cart
21:57 Husbandry
21:54 Gold Mining
25:03 Chain Barding Armor
26:20 Heavy Plow
28:32 Scale Mail Armor
27:58 Pikeman
28:38 Squires
36:15 Imperial Age
35:19 Chain Mail Armor
38:17 Two-Man Saw
37:49 Crop Rotation
37:55 Plate Barding Armor
37:54 Plate Mail Armor
39:18 Hand Cart
38:34 Onager
39:56 Halberdier
41:46 Masonry
41:42 Siege Engineers
44:57 Conscription
Connection lost

Rejoining the realm…

Still unreachable

The connection could not be restored.

Session expired

The server has moved on; the page needs a fresh start.